 Dungeon Crawl Stone Soup version 0.25-a0-942-g87a53962fc (webtiles) character file.

Game seed: 14795097424159998633, levelgen mode: deterministic

239088 EnegeticOcto the Severer (level 18, 56/119 HPs)
             Began as a Minotaur Fighter on May 6, 2020.
             Was the Champion of Okawaru.
             Quit the game on level 2 of the Depths.
             The game lasted 00:29:00 (36800 turns).

EnegeticOcto the Severer (Minotaur Fighter)        Turns: 36800, Time: 00:29:01

Health: 56/119     AC: 32    Str: 27    XL:     18   Next: 8%
Magic:  23/23      EV: 11    Int: 12    God:    Okawaru [******]
Gold:   614        SH: 23    Dex:  9    Spells: 17/17 levels left

rFire    + . .     SeeInvis .   I - +9 broad axe (flame)
rCold    . . .     Gourm    .   Z - +2 tower shield {rPois}
rNeg     . . .     Faith    +   Y - +7 plate armour {rF+}
rPois    +         Spirit   .   g - +0 hat of Wepsass {Int+7}
rElec    .         Reflect  .   (no cloak)
rCorr    .         Harm     .   F - +2 pair of gloves {Dex+3}
MR       +++..                  a - +0 pair of boots of Eproaq {Regen+ Dex-4 Slay+3}
Stlth    ..........             N - amulet of faith
HPRegen  0.69/turn              M - ring of Robustness {AC+8}
MPRegen  0.18/turn              r - ring of protection from magic

@: no status effects
A: retaliatory headbutt, hooves 1, horns 2, deformed body, frail 3, magic
resistance 1, weak 1, no potion heal 1, subdued magic 1
}: 3/15 runes: barnacled, slimy, gossamer
a: Heroism, Finesse, Renounce Religion


You were on level 2 of the Depths.
You worshipped Okawaru.
Okawaru was exalted by your worship.
You were not hungry.

You visited 7 branches of the dungeon, and saw 38 of its levels.
You also visited: Bailey.

You collected 4171 gold pieces.
You spent 3557 gold pieces at shops.

Inventory:

Hand Weapons
 b - the +5 demon whip "Spellbinder" {antimagic, MR+}
   (You found it on level 9 of the Dungeon)

   It reduces the magical energy of the wielder, and disrupts the spells and
   magical abilities of those hit.
   Natural abilities and divine invocations are not affected.
   It affects your resistance to hostile enchantments.
 I - a +9 broad axe of flaming (weapon)
 W - the +10 morningstar "Eos" {elec, Halo rElec}
   (You bought it in a shop on level 2 of the Orcish Mines)

   Occasionally, upon striking a foe, it will discharge some electrical energy
   and cause terrible harm.
   It insulates you from electricity.
Missiles
 c - 18 throwing nets
 L - 19 javelins
 X - 10 silver javelins (quivered)
Armour
 a - the +0 pair of boots of Eproaq (worn) {Regen+ Dex-4 Slay+3}
   (Okawaru gifted it to you on level 5 of the Pits of Slime)

   It affects your dexterity (-4).
   It affects your accuracy and damage with ranged weapons and melee attacks
   (+3).
   It increases your rate of regeneration.
 g - the +0 hat of Wepsass (worn) {Int+7}
   (You bought it in a shop on level 2 of the Orcish Mines)

   It affects your intelligence (+7).
 F - a +2 pair of gloves of dexterity (worn)
 Y - a +7 plate armour of fire resistance (worn)
 Z - a +2 tower shield of poison resistance (worn)
Jewellery
 r - a ring of protection from magic (right hand)
 t - an uncursed ring of protection from cold
 z - an uncursed amulet of the acrobat {unknown}
 K - an uncursed ring of protection from fire
 M - the ring of Robustness (left hand) {AC+8}
   (You found it on level 5 of the Pits of Slime)

   [ring of protection]

   It affects your AC (+8).
 N - an amulet of faith (around neck)
 Q - an uncursed ring of resist corrosion
Wands
 o - a wand of acid (4) {@v1}
 q - a wand of digging (13) {@v2}
 u - a wand of scattershot (5)
 y - a wand of paralysis (11)
 B - a wand of clouds (1)
 E - a wand of iceblast (20)
 J - a wand of flame (65) {@v3}
Scrolls
 f - 8 scrolls of teleportation {@r2}
 i - 19 scrolls of remove curse {@r6}
 m - 2 scrolls of immolation {@r4}
 s - a scroll of magic mapping {@r5}
 w - 6 scrolls of blinking {@r3}
 D - 2 scrolls of fog
 H - 2 scrolls of summoning
 P - 2 scrolls of enchant weapon
 R - a scroll of identify {@r1}
 U - a scroll of silence
Potions
 d - 3 potions of invisibility
 h - 2 potions of magic
 j - a potion of stabbing {@q5}
 k - 3 potions of might {@q3}
 n - 8 potions of haste {@q4}
 v - 2 potions of brilliance
 A - 3 potions of curing {@q1}
 G - 2 potions of berserk rage
 S - 3 potions of cancellation
Miscellaneous
 x - 2 phantom mirrors
 C - 2 boxes of beasts
 T - a phial of floods
Comestibles
 e - 42 rations
 p - 7 chunks of flesh


   Skills:
 * Level 17.2 Fighting
 - Level 17.3 Axes
 * Level 10.7 Throwing
 + Level 15.2 Armour
 - Level 11.7 Dodging
 + Level 15.2 Shields
 - Level 8.0 Invocations
 - Level 8.0 Evocations


You had 17 spell levels left.
You didn't know any spells.
Your spell library contained the following spells:

 Spells                   Type           Power        Failure   Level  Hunger
 Animate Skeleton         Necr           N/A          100%        1    ##.....
 Apportation              Tloc           #.....       100%        1    ##.....
 Beastly Appendage        Tmut           #.....       100%        1    ##.....
 Corona                   Hex            #......      100%        1    ##.....
 Foxfire                  Conj/Fire      #...         100%        1    ##.....
 Magic Dart               Conj           #...         100%        1    ##.....
 Shock                    Conj/Air       #...         100%        1    ##.....
 Summon Butterflies       Summ           #.......     100%        1    ##.....
 Summon Small Mammal      Summ           #...         100%        1    ##.....
 Blink                    Tloc           N/A          100%        2    ###....
 Call Imp                 Summ           #.......     100%        2    ###....
 Ensorcelled Hibernation  Hex/Ice        #.....       100%        2    ###....
 Searing Ray              Conj           #.....       100%        2    ###....
 Slow                     Hex            #.......     100%        2    ###....
 Sticks to Snakes         Tmut           #.......     100%        2    ###....
 Swiftness                Chrm/Air       #.......     100%        2    ###....
 Call Canine Familiar     Summ           #.......     100%        3    ####...
 Confusing Touch          Hex            #.......     100%        3    ####...
 Conjure Flame            Conj/Fire      #.......     100%        3    ####...
 Dazzling Flash           Conj/Hex       #.....       100%        3    ####...
 Mephitic Cloud           Conj/Pois/Air  #.......     100%        3    ####...
 Recall                   Summ/Tloc      N/A          100%        3    ####...
 Spider Form              Tmut/Pois      #.........   100%        3    ####...
 Static Discharge         Conj/Air       #.......     100%        3    ####...
 Tukima's Dance           Hex            #.......     100%        3    ####...
 Airstrike                Air            #.........   100%        4    #####..
 Animate Dead             Necr           N/A          100%        4    #####..
 Cause Fear               Hex            #.........   100%        4    #####..
 Fulminant Prism          Conj/Hex       #.........   100%        4    #####..
 Ice Form                 Ice/Tmut       #.......     100%        4    #####..
 Iskenderun's Mystic Bla  Conj/Tloc      #.......     100%        4    #####..
 Summon Ice Beast         Ice/Summ       #.......     100%        4    #####..
 Blade Hands              Tmut           #.........   100%        5    ######.
 Borgnjor's Vile Clutch   Necr/Erth      #.........   100%        5    ######.
 Lightning Bolt           Conj/Air       #.........   100%        5    ######.
 Silence                  Hex/Air        #.........   100%        5    ######.
 Summon Mana Viper        Hex/Summ       #.......     100%        5    ######.
 Yara's Violent Unravell  Hex/Tmut       #.........   100%        5    ######.
 Death Channel            Necr           #.........   100%        6    #######
 Simulacrum               Ice/Necr       #.........   100%        6    #######
 Dragon Form              Tmut           #.........   100%        7    #######
 Summon Hydra             Summ           #.........   100%        7    #######
 Discord                  Hex            #.........   100%        8    #######
 Ignition                 Fire           #.........   100%        8    #######
 Dragon's Call            Summ           #.........   100%        9    #######
 Shatter                  Erth           #.........   100%        9    #######
 Tornado                  Air            #.........   100%        9    #######


Dungeon Overview and Level Annotations

Branches:
Dungeon (15/15)            Temple (0/1) D:6            Lair (6/6) D:11
 Shoals (4/4) Lair:3       Spider (4/4) Lair:3        Slime (5/5) Lair:6
    Orc (2/2) D:10            Elf (0/3) Orc:2        Vaults (0/5) D:13
 Depths (2/5) D:15         Bailey (visited)

Altars:
Ashenzari
Dithmenos
Fedhas
Kikubaaqudgha
Makhleb
Nemelex Xobeh
Okawaru
Qazlal
Ru
Sif Muna
Wu Jian
Xom
Zin
The Shining One
Beogh
Jiyva

Shops:
D:7 !   D:8 *   Orc:2 :([?   Shoals:2 (

Portals:
Hell: Depths:2
Abyss: D:6 Spider:3

Annotations:
D:5 3 runed translucent doors, bmj180's ghost, amateur DrCj
D:6 2 transporters, Prakerore's ghost, novice HuFi
D:12 3 runed translucent doors, Tiahy's ghost, journeyman FoAK
Spider:3 2 transporters, Jom Ituh's ghost, adept DDFi


Innate Abilities, Weirdness & Mutations

You reflexively headbutt those who attack you in melee.
You have a pair of horns on your head.
You have large cloven feet.
Armour fits poorly on your strangely shaped body.
You are extremely frail. (-30% HP)
You are resistant to hostile enchantments. (MR+)
You are weak. (Str -2)
Potions are less effective at restoring your health.
Your spells are a little easier to cast, but a little less powerful.


Message History

You slash the vampire knight! You burn the vampire knight.
You destroy the vampire knight!
Okawaru accepts your kill.
No target in view!
No target in view!
No target in view!
No target in view!
No target in view!
No target in view!
You now have 588 gold pieces (gained 15).
Things that are here:
a +0 long sword; a +0 plate armour You now have 605 gold pieces (gained 17).
You see here a large rock.
There is an open door here.
A fire giant comes into view.
It is wielding a +1 great sword of flaming.
The fire giant shouts!
A fire giant is nearby!
A fire giant is nearby!
The fire giant points at you and mumbles some strange words.
The fireball explodes!
The fireball engulfs you! You resist.
You hear a shout!
You block the fire giant's attack.
You slice the fire giant!!
You headbutt the fire giant, but do no damage.
The fire giant is moderately wounded.
The fire giant casts a spell at you.
The fireball explodes!
The fireball engulfs you!! You resist.
The fireball engulfs the fire giant.
The fire giant resists.
You hit the fire giant.
The fire giant is moderately wounded.
The fire giant points at you and mumbles some strange words.
The fireball explodes!
The fireball engulfs you!! You resist.
The fireball engulfs the fire giant.
The fire giant resists.
You slash the fire giant! Your headbutt misses the fire giant.
The fire giant is heavily wounded.
You slash the fire giant!
The fire giant is severely wounded.
You block the fire giant's attack.
You open the fire giant like a pillowcase!!!
You burn the fire giant.
You kill the fire giant!
Okawaru accepts your kill.
Something unseen opens the door.
A yaktaur comes into view.
A yaktaur is nearby!
A yaktaur is nearby!
A yaktaur is nearby!
The yaktaur wields a +3 arbalest.
The yaktaur shoots a bolt.
The bolt closely misses you.
The yaktaur shoots a bolt.
The bolt hits you.
You see here a bolt.
The yaktaur shoots a bolt.
The bolt hits you but does no damage.
You see here a bolt.
The yaktaur unwields a +3 arbalest.
You block the yaktaur's attack.
Your shield prevents you from hitting the yaktaur.
You chop the yaktaur into pieces!!! You burn the yaktaur!
You kill the yaktaur!
Okawaru accepts your kill.
No target in view!
No target in view!
No target in view!
No target in view!
No target in view!
No target in view!
No target in view!
No target in view!
Some of the chunks of flesh in your inventory have rotted away.
HP restored.
Found 9 gold pieces.
There is an open door, spattered with blood here.
Things that are here:
a +3 arbalest; 20 bolts; a yaktaur corpse You butcher the yaktaur corpse.
p - 7 chunks of flesh (gained 4)
There is an open door, spattered with blood here.
Things that are here:
a +3 arbalest; 20 bolts; a yaktaur skeleton
There is an open door, spattered with blood here.
Things that are here:
a +3 arbalest; 20 bolts; a yaktaur skeleton You now have 614 gold pieces (gained 9).
You open the door.
Found 20 arrows.
There is an open door here.
A frost giant comes into view.
It is wielding a +1 battleaxe of freezing.
The frost giant shouts!
Found 37 gold pieces.
A frost giant is nearby!
A frost giant is nearby!
A frost giant is nearby!
Okay, then.
Unknown command.
Unknown command.
The frost giant points at you and mumbles some strange words.
The bolt of cold hits you!!!
The frost giant gestures at you while chanting.
The bolt of cold hits you!
You are too injured to fight recklessly!
Are you sure you want to abandon this character and quit the game? (Confirm with "yes".)

..............# #....
..............#... #....
.$............#....#....
.............##...##..#
#.......##'###...#####
#.......#...+.........
#.......#...#..∩......
+.....?.#...#.......(.
#....@..#...#......<..
......C.?..#...#.....÷...
...........#...#.........
...........#...#........)
...........#...###......#
...........#...##########
####.......#.............
#.......#.............
#.............


You could see a frost giant.

Vanquished Creatures
  the Royal Jelly (Slime:5)
  17 acid blobs
  4 azure jellies
  Donald (Orc:2)
  A fire giant (Depths:2)
  3 emperor scorpions (Spider:4)
  2 orc warlords (Orc:2)
  A ghost moth (Spider:4)
  A frost giant (Shoals:4)
  2 stone giants
  A vampire knight (Depths:2)
  2 merfolk javelineers
  Snorg (Lair:5)
  8 death oozes
  Josephine (D:12)
  2 merfolk impalers
  A fire dragon (Depths:1)
  2 yaktaur captains
  3 great orbs of eyes
  A catoblepas (Lair:3)
  3 merfolk avatars (Shoals:4)
  3 hydras
  4 centaur warriors
  8 merfolk aquamancers
  9 two-headed ogres
  A satyr (Shoals:3)
  An ogre mage (D:15)
  12 death yaks
  4 orc high priests (Orc:2)
  Urug (Orc:1)
  50 slime creatures
  A wizard (Depths:1)
  2 unseen horrors
  9 sea snakes
  Pikel (D:8)
  5 harpies
  A lindwurm (Lair:5)
  5 orc knights
  2 necromancers (Depths:1)
  7 orb spiders (Spider:4)
  6 orc sorcerers
  3 oklob plants (Lair:6)
  10 wolf spiders
  A frost giant zombie (Depths:1)
  3 black mambas
  5 fauns (Shoals:1)
  4 cyclopes
  10 manticores
  10 shining eyes
  2 centaur zombies
  9 elephants
  5 merfolk sirens
  2 stone giant skeletons (Depths:1)
  3 water nymphs
  17 spiny frogs
  2 gargoyles
  A centaur skeleton (D:14)
  3 rime drakes
  4 yaktaurs
  2 kobold demonologists (D:15)
  2 spriggan skeletons (Depths:1)
  3 demonic crawlers
  A freezing wraith (D:15)
  8 komodo dragons
  2 ice devils (D:15)
  2 tengu conjurers (D:14)
  A queen bee (D:15)
  5 polar bears
  17 merfolk
  4 wind drakes
  6 jumping spiders (Spider:4)
  8 trolls
  6 meliai (D:15)
  9 hornets (Spider:4)
  Prince Ribbit (D:7)
  6 dream sheep (Lair:4)
  22 blink frogs
  11 hippogriffs
  10 snapping turtles
  An ettin zombie (Depths:1)
  4 water elementals
  3 shadows
  13 tarantellas
  9 redbacks
  34 yaks
  5 wyverns
  A human (D:10)
  A vampire (D:15)
  4 wraiths
  6 golden eyes (Slime:2)
  4 basilisks
  4 steam dragons
  6 vampire mosquitoes
  3 wargs
  2 acid dragons
  13 water moccasins
  5 porcupines
  3 ice beasts
  A sky beast (shapeshifter) (D:14)
  A meliai simulacrum (D:15)
  50 orc warriors
  3 sky beasts
  A hornet zombie (D:12)
  3 eyes of draining
  4 phantoms
  A necrophage (D:10)
  5 boggarts (D:15)
  16 ogres
  8 wolves
  6 centaurs
  18 crocodiles
  2 big kobolds
  Blork the orc (D:5)
  8 gnoll sergeants (Bailey)
  16 bullfrogs
  4 scorpions
  A wyvern skeleton (D:14)
  18 killer bees
  4 wights (D:7)
  A vampire bat (D:7)
  A howler monkey (D:7)
  An electric eel (D:11)
  3 crimson imps
  A bullfrog zombie (D:13)
  2 jellies
  A bullfrog skeleton (D:9)
  6 gnoll shamans (Bailey)
  33 orc priests
  7 hounds
  5 iguanas
  Ijyb (D:3)
  6 worker ants
  32 orc wizards
  A hound zombie (D:7)
  A hound skeleton (D:11)
  2 howler monkey skeletons
  11 adders
  17 gnolls
  4 shadow imps
  2 oozes (D:2)
  5 worms
  4 dart slugs
  10 leopard geckos
  138 orcs
  6 bats
  5 bat skeletons (D:7)
  A bat zombie (D:7)
  8 giant cockroaches
  4 goblins
  9 hobgoblins
  12 jackals
  7 quokkas
  A ball python (D:4)
  2 frilled lizards
  14 kobolds
  A leopard gecko skeleton (D:5)
  2 quokka skeletons
  6 rats
  6 fungi
  7 plants
1088 creatures vanquished.

Vanquished Creatures (collateral kills)
  An orc (D:10)
1 creature vanquished.

Vanquished Creatures (others)
  A redback (Spider:4)
  2 slaves (D:8)
  Grum (D:8)
  An eye of draining (D:10)
  A bullfrog (D:8)
  An orc priest (D:8)
  A jelly (D:8)
  An adder (D:8)
  A shadow imp (D:15)
  3 orcs (D:8)
  9 fungi
  A plant (Lair:5)
23 creatures vanquished.

Grand Total: 1112 creatures vanquished

Notes
Turn   | Place    | Note
-------+----------+-------------------------------------------
     0 | D:1      | EnegeticOcto the Minotaur Fighter began the quest for the
                  | Orb.
     0 | D:1      | Reached XP level 1. HP: 19/19 MP: 0/0
   252 | D:1      | Reached XP level 2. HP: 27/27 MP: 1/1
   852 | D:2      | Reached XP level 3. HP: 30/33 MP: 2/2
   855 | D:2      | Reached skill level 1 in Dodging
   939 | D:2      | Found a stormy altar of Qazlal.
  1105 | D:2      | Reached XP level 4. HP: 40/40 MP: 3/3
  1165 | D:2      | Found a shattered altar of Ashenzari.
  1436 | D:2      | Found an iron altar of Okawaru.
  1604 | D:2      | Became a worshipper of Warmaster Okawaru
  1667 | D:3      | Noticed Ijyb
  1686 | D:3      | Killed Ijyb
  1686 | D:3      | Reached XP level 5. HP: 44/46 MP: 4/4
  2079 | D:3      | Found a faded altar of an unknown god.
  2161 | D:3      | Found a shadowy altar of Dithmenos.
  2332 | D:4      | Noticed an ice beast
  2344 | D:4      | Killed an ice beast
  2344 | D:4      | Reached skill level 5 in Axes
  2344 | D:4      | Reached XP level 6. HP: 43/53 MP: 5/5
  2873 | D:4      | Reached skill level 1 in Invocations
  3081 | D:4      | Found a sparkling altar of Nemelex Xobeh.
  3081 | D:4      | Found a shimmering blue altar of Sif Muna.
  3192 | D:5      | Entered Level 5 of the Dungeon
  3198 | D:5      | Reached skill level 5 in Fighting
  3209 | D:5      | Reached skill level 5 in Armour
  3209 | D:5      | Reached XP level 7. HP: 61/61 MP: 6/6
  3234 | D:5      | Reached * piety under Okawaru
  3329 | D:5      | Reached skill level 5 in Shields
  3329 | D:5      | Reached skill level 1 in Evocations
  3455 | D:5      | Noticed Blork the orc
  3463 | D:5      | Killed Blork the orc
  3642 | D:5      | Found a runed translucent gate.
  3644 | D:5      | Found a runed translucent gate.
  3644 | D:5      | Found a runed translucent gate.
  3850 | D:5      | Noticed bmj180's ghost (amateur DrCj)
  3945 | D:5      | Reached ** piety under Okawaru
  4016 | D:6      | Reached XP level 8. HP: 69/69 MP: 8/8
  4094 | D:6      | Found a transporter.
  4284 | D:6      | Found a staircase to the Ecumenical Temple.
  4469 | D:6      | Found a transporter.
  4483 | D:6      | Noticed a toenail golem
  4487 | D:6      | Found a one-way gate to the infinite horrors of the Abyss.
  4487 | D:6      | Noticed Prakerore's ghost (novice HuFi)
  4922 | D:6      | Found a burning altar of Makhleb.
  4922 | D:6      | Noticed a blizzard demon
  4923 | D:6      | Found a glowing silver altar of Zin.
  4923 | D:6      | Noticed an angel
  5181 | D:7      | Found Coimer's Distillery.
  5189 | D:7      | Bought a potion of heal wounds for 70 gold pieces
  5189 | D:7      | Bought a potion of heal wounds for 70 gold pieces
  5269 | D:7      | Noticed Prince Ribbit
  5290 | D:7      | Killed Prince Ribbit
  5505 | D:7      | Found an ornate altar of the Wu Jian Council.
  5507 | D:7      | Noticed a hippogriff
  5516 | D:7      | Killed a hippogriff
  5516 | D:7      | Reached *** piety under Okawaru
  5645 | D:7      | Reached XP level 9. HP: 69/78 MP: 10/10
  6271 | D:7      | Found an ancient bone altar of Kikubaaqudgha.
  6350 | D:7      | Found a shimmering altar of Xom.
  6542 | D:8      | Noticed Pikel
  6554 | D:8      | Noticed Grum
  6557 | D:8      | Killed Pikel
  6557 | D:8      | Reached **** piety under Okawaru
  6557 | D:8      | Reached skill level 5 in Dodging
  6571 | D:8      | Killed Grum
  6972 | D:8      | Found Tuladghy's General Store.
  7476 | D:9      | Found a shattered altar of Ashenzari.
  7480 | D:9      | Found the +5 demon whip "Spellbinder" {antimagic, MR+}
  7626 | D:9      | Reached XP level 10. HP: 75/86 MP: 12/12
  7974 | D:9      | Reached ***** piety under Okawaru
  8059 | D:10     | Entered Level 10 of the Dungeon
  8115 | D:10     | Found a flagged portal.
  8121 | D:10     | Noticed a five-headed hydra
  8124 | Bailey   | Entered a bailey
  8518 | Bailey   | Received a gift from Okawaru
  9017 | D:10     | Reached skill level 10 in Axes
  9059 | D:10     | Killed a five-headed hydra
  9318 | D:10     | Reached skill level 5 in Invocations
  9505 | D:10     | Found a roughly hewn altar of Beogh.
  9505 | D:10     | Found a staircase to the Orcish Mines.
 10302 | D:10     | Reached skill level 5 in Evocations
 10540 | D:11     | Reached XP level 11. HP: 78/94 MP: 14/14
 10643 | D:11     | Found a staircase to the Lair.
 10837 | D:11     | Noticed a two-headed ogre
 10854 | D:11     | Killed a two-headed ogre
 11347 | D:11     | Received a gift from Okawaru
 11468 | D:11     | Found a blossoming altar of Fedhas.
 12065 | Lair:1   | Entered Level 1 of the Lair of Beasts
 13094 | Lair:2   | Found a shadowy altar of Dithmenos.
 13122 | Lair:2   | Reached XP level 12. HP: 93/105 MP: 14/16
 13621 | Lair:2   | Reached ****** piety under Okawaru
 13621 | Lair:2   | Received a gift from Okawaru
 13897 | Lair:3   | Found a hole to the Spider Nest.
 13996 | Lair:3   | Noticed a catoblepas
 14010 | Lair:3   | Killed a catoblepas
 14083 | Lair:3   | Noticed a four-headed hydra
 14094 | Lair:3   | Killed a six-headed hydra
 14281 | Lair:3   | Found a staircase to the Shoals.
 14443 | Lair:3   | Noticed a death yak
 14443 | Lair:3   | Noticed a death yak
 14444 | Lair:3   | Noticed a death yak
 14448 | Lair:3   | Noticed a death yak
 14449 | Lair:3   | Noticed a death yak
 14450 | Lair:3   | Noticed a death yak
 14466 | Lair:3   | Killed a death yak
 14466 | Lair:3   | Reached skill level 10 in Fighting
 14466 | Lair:3   | Reached skill level 10 in Armour
 14475 | Lair:3   | Killed a death yak
 14475 | Lair:3   | Reached skill level 10 in Shields
 14477 | Lair:3   | Killed a death yak
 14477 | Lair:3   | Received a gift from Okawaru
 14478 | Lair:3   | Killed a death yak
 14481 | Lair:3   | Killed a death yak
 14490 | Lair:3   | Killed a death yak
 15581 | Lair:4   | Reached XP level 13. HP: 48/114 MP: 10/17
 15593 | Lair:4   | Received a gift from Okawaru
 17168 | Lair:5   | Noticed Snorg
 17184 | Lair:5   | Killed Snorg
 17184 | Lair:5   | Received a gift from Okawaru
 18221 | Lair:6   | Entered Level 6 of the Lair of Beasts
 18257 | Lair:6   | Received a gift from Okawaru
 18539 | Lair:6   | Reached skill level 10 in Dodging
 18543 | Lair:6   | Reached XP level 14. HP: 124/124 MP: 19/19
 18574 | Lair:6   | Found a staircase to the Slime Pits.
 19080 | D:12     | Noticed Josephine
 19092 | D:12     | Killed Josephine
 19352 | D:12     | Noticed a cyan very ugly thing
 19353 | D:12     | Found a runed translucent gate.
 19353 | D:12     | Found a runed translucent gate.
 19353 | D:12     | Found a runed translucent gate.
 19355 | D:12     | Noticed Tiahy's ghost (journeyman FoAK)
 19826 | D:13     | Found a sacrificial altar of Ru.
 19848 | D:13     | Found a gate to the Vaults.
 20109 | D:13     | Identified a scroll of acquirement
 20109 | D:13     | Identified the amulet "Rod Caysey" {Fragile +Rage Str+4}
                  | (You acquired it on level 13 of the Dungeon)
 20447 | D:13     | Received a gift from Okawaru
 20753 | Orc:1    | Entered Level 1 of the Orcish Mines
 20808 | Orc:1    | Noticed Urug
 20825 | Orc:1    | Killed Urug
 21196 | Orc:1    | Noticed a stone giant
 21211 | Orc:1    | Killed a stone giant
 21694 | Orc:2    | Entered Level 2 of the Orcish Mines
 21719 | Orc:2    | Noticed Donald
 21738 | Orc:2    | Killed Donald
 21738 | Orc:2    | Received a gift from Okawaru
 21738 | Orc:2    | Reached skill level 15 in Axes
 22021 | Orc:2    | Noticed an orc warlord
 22043 | Orc:2    | Killed an orc warlord
 22160 | Orc:2    | Found a roughly hewn altar of Beogh.
 22188 | Orc:2    | Found Dig Epua's Book Emporium.
 22395 | Orc:2    | Paralysed by an orc sorcerer for 2 turns
 22762 | Orc:2    | Gained mutation: Armour fits poorly on your strangely
                  | shaped body. [a neqoxec]
 22893 | Orc:2    | Noticed an orc warlord
 22900 | Orc:2    | Found a roughly hewn altar of Beogh.
 22915 | Orc:2    | Killed an orc warlord
 22915 | Orc:2    | Received a gift from Okawaru
 23269 | Orc:2    | Found Ozeyto's Antique Armour Emporium.
 23332 | Orc:2    | Bought a heavily runed hat for 306 gold pieces
 23342 | Orc:2    | Identified the cursed +0 hat of Wepsass {Int+7} (You bought
                  | it in a shop on level 2 of the Orcish Mines)
 23343 | Orc:2    | Bought a distressingly furry chain mail for 323 gold pieces
 23353 | Orc:2    | Identified the +1 chain mail "Luolael" {Str+3} (You bought
                  | it in a shop on level 2 of the Orcish Mines)
 23388 | Orc:2    | Found Vommint's Magic Scroll Boutique.
 23434 | Orc:2    | Bought 3 scrolls of enchant weapon for 337 gold pieces
 23434 | Orc:2    | Bought a scroll of teleportation for 45 gold pieces
 23434 | Orc:2    | Bought a scroll of blinking for 112 gold pieces
 23702 | Orc:2    | Found a staircase to the Elven Halls.
 24134 | Orc:2    | Found Beseblos's Antique Weapon Shoppe.
 24138 | Orc:2    | Reached XP level 15. HP: 122/134 MP: 20/20
 25051 | D:14     | Found a glowing golden altar of the Shining One.
 25464 | D:15     | Entered Level 15 of the Dungeon
 26406 | D:15     | Received a gift from Okawaru
 26484 | D:15     | Received a gift from Okawaru
 27012 | D:15     | Found an ornate altar of the Wu Jian Council.
 27266 | D:15     | Found a staircase to the Depths.
 27745 | Spider:1 | Entered Level 1 of the Spider Nest
 27807 | Spider:2 | Reached skill level 1 in Throwing
 27893 | Spider:3 | Noticed Jom Ituh's ghost (adept DDFi)
 27903 | Spider:3 | Found a transporter.
 27905 | Spider:3 | Noticed a profane servitor
 27916 | Spider:3 | Found a transporter.
 27951 | Spider:4 | Entered Level 4 of the Spider Nest
 28067 | Spider:4 | Received a gift from Okawaru
 28410 | Spider:4 | Received a gift from Okawaru
 28777 | Spider:4 | Reached XP level 16. HP: 145/145 MP: 0/21
 28793 | Spider:4 | Got a gossamer rune of Zot
 28936 | Shoals:1 | Entered Level 1 of the Shoals
 30142 | Shoals:2 | Reached skill level 5 in Throwing
 30314 | Shoals:2 | Received a gift from Okawaru
 30382 | Shoals:2 | Found Patigray's Antique Weapon Shoppe.
 30884 | Shoals:4 | Entered Level 4 of the Shoals
 31733 | Shoals:4 | Received a gift from Okawaru
 31797 | Shoals:4 | Reached skill level 15 in Fighting
 31839 | Shoals:4 | Got a barnacled rune of Zot
 32566 | Orc:2    | Bought the +10 morningstar "Eos" {elec, Halo rElec} for
                  | 2294 gold pieces
 32566 | Orc:2    | Found the +10 morningstar "Eos" {elec, Halo rElec}
 32817 | Lair:6   | Received a gift from Okawaru
 32862 | Lair:6   | Got an iridescent broad axe {god gift}
 32863 | Lair:6   | Identified the +3 broad axe of Invincibility {freeze, +Fly
                  | Int+4} (Okawaru gifted it to you on level 6 of the Lair of
                  | Beasts)
 33477 | Slime:1  | Entered Level 1 of the Pits of Slime
 33492 | Slime:1  | Noticed an acid blob
 33510 | Slime:1  | Killed an acid blob
 33783 | Slime:2  | Noticed an acid blob
 33793 | Slime:2  | Noticed an acid blob
 33799 | Slime:2  | Killed an acid blob
 33807 | Slime:2  | Killed an acid blob
 33807 | Slime:2  | Received a gift from Okawaru
 33807 | Slime:2  | Reached XP level 17. HP: 63/156 MP: 0/22
 34260 | Slime:3  | Noticed an acid blob
 34263 | Slime:3  | Gained mutation: You have large cloven feet. [a shining
                  | eye]
 34269 | Slime:3  | Killed an acid blob
 34396 | Slime:4  | Noticed an acid blob
 34406 | Slime:4  | Received a gift from Okawaru
 34406 | Slime:4  | Killed an acid blob
 34485 | Slime:4  | Gained mutation: You are occasionally teleported next to
                  | monsters. [a shining eye]
 34500 | Slime:4  | Gained mutation: You tend to lose your temper in combat. [a
                  | shining eye]
 34718 | Slime:4  | Received a gift from Okawaru
 34719 | Slime:4  | Gained mutation: You are dopey. (Int -2) [a shining eye]
 34720 | Slime:4  | Gained mutation: You are frail. (-10% HP) [a shining eye]
 34734 | Slime:4  | Lost mutation: You have large cloven feet. [potion of
                  | mutation]
 34734 | Slime:4  | Lost mutation: You are dopey. (Int -2) [potion of mutation]
 34734 | Slime:4  | Gained mutation: You are very frail. (-20% HP) [potion of
                  | mutation]
 34734 | Slime:4  | Gained mutation: Your flesh is heat resistant. (rF+)
                  | [potion of mutation]
 34735 | Slime:4  | Lost mutation: Your flesh is heat resistant. (rF+) [potion
                  | of mutation]
 34735 | Slime:4  | Lost mutation: You tend to lose your temper in combat.
                  | [potion of mutation]
 34735 | Slime:4  | Gained mutation: You are resistant to hostile enchantments.
                  | (MR+) [potion of mutation]
 34735 | Slime:4  | Gained mutation: Your spells are a little harder to cast,
                  | but a little more powerful. [potion of mutation]
 34736 | Slime:4  | Lost mutation: Your spells are a little harder to cast, but
                  | a little more powerful. [potion of mutation]
 34736 | Slime:4  | Lost mutation: You are occasionally teleported next to
                  | monsters. [potion of mutation]
 34736 | Slime:4  | Gained mutation: You are weak. (Str -2) [potion of
                  | mutation]
 34736 | Slime:4  | Gained mutation: You have large cloven feet. [potion of
                  | mutation]
 35001 | Slime:5  | Entered Level 5 of the Pits of Slime
 35022 | Slime:5  | Noticed an acid blob
 35032 | Slime:5  | Noticed an acid blob
 35046 | Slime:4  | Killed an acid blob
 35427 | Slime:5  | Killed an acid blob
 35427 | Slime:5  | Received a gift from Okawaru
 35508 | Slime:5  | Gained mutation: You are extremely frail. (-30% HP) [a
                  | shining eye]
 35546 | Slime:5  | Noticed the Royal Jelly
 35547 | Slime:5  | Found a viscous altar of Jiyva.
 35547 | Slime:5  | Noticed an acid blob
 35553 | Slime:5  | Noticed an acid blob
 35553 | Slime:5  | Noticed an acid blob
 35554 | Slime:5  | Noticed an acid blob
 35557 | Slime:5  | Noticed an acid blob
 35561 | Slime:5  | Killed the Royal Jelly
 35561 | Slime:5  | Received a gift from Okawaru
 35561 | Slime:5  | Received a gift from Okawaru
 35562 | Slime:5  | Killed an acid blob
 35567 | Slime:5  | Noticed an acid blob
 35568 | Slime:5  | Killed an acid blob
 35568 | Slime:5  | Killed an acid blob
 35569 | Slime:5  | Killed an acid blob
 35572 | Slime:5  | Noticed an acid blob
 35573 | Slime:5  | Killed an acid blob
 35573 | Slime:5  | Reached skill level 10 in Throwing
 35573 | Slime:5  | Reached skill level 15 in Shields
 35578 | Slime:5  | Killed an acid blob
 35578 | Slime:5  | Received a gift from Okawaru
 35578 | Slime:5  | Reached skill level 15 in Armour
 35579 | Slime:5  | Killed an acid blob
 35615 | Slime:5  | Got a pair of fine boots {god gift}
 35617 | Slime:5  | Noticed an acid blob
 35631 | Slime:5  | Killed an acid blob
 35631 | Slime:5  | Noticed an acid blob
 35638 | Slime:5  | Killed an acid blob
 35883 | Slime:5  | Found the ring of Robustness {AC+8}
 35897 | Slime:5  | Got a slimy rune of Zot
 36000 | Slime:5  | Identified the +0 pair of boots of Eproaq {Regen+ Dex-4
                  | Slay+3} (Okawaru gifted it to you on level 5 of the Pits of
                  | Slime)
 36028 | Slime:5  | Noticed an acid blob
 36040 | Slime:5  | Killed an acid blob
 36131 | Slime:1  | Gained mutation: Your magical capacity is low. (-10% MP) [a
                  | shining eye]
 36135 | Lair:6   | Lost mutation: You have large cloven feet. [potion of
                  | mutation]
 36135 | Lair:6   | Lost mutation: Your magical capacity is low. (-10% MP)
                  | [potion of mutation]
 36135 | Lair:6   | Gained mutation: Potions are less effective at restoring
                  | your health. [potion of mutation]
 36135 | Lair:6   | Gained mutation: Your spells are a little easier to cast,
                  | but a little less powerful. [potion of mutation]
 36135 | Lair:6   | Gained mutation: You have large cloven feet. [potion of
                  | mutation]
 36398 | Depths:1 | Entered Level 1 of the Depths
 36456 | Depths:1 | Reached XP level 18. HP: 115/118 MP: 23/23
 36634 | Depths:2 | Found a gateway to Hell.
 36800 | Depths:2 | Quit the game

Levels and vault maps discovered:
D:1:      dpeg_arrival_line_fractal, layout_basic
D:2:      layout_rooms, lemuel_round_altar, lemuel_round_altar, first_ration,
          okawaru_metal_pillars_1_2
D:3:      layout_rooms, grunt_dithmenos_smoke,
          chequers_ecumenical_altar_simple_redux, minmay_unequal, uniq_ijyb
D:4:      layout_loops_ring, amethyst_overflow_temple_binary
D:5:      layout_loops_cross, ebering_ghost_rock_garden, uniq_blork_the_orc
D:6:      cheibrodos_steamvent, layout_layer_cave,
          grunt_temple_overflow_order_and_chaos_2, minmay_temple_entry_junction,
          gammafunk_ghost_abyssal_escape
D:7:      layout_basic, kennysheep_vampire_church,
          nicolae_overflow_hidden_temple, basic_altar, serial_shops, shop,
          uniq_prince_ribbit1
D:8:      layout_loops_ring, serial_shops, nicolae_shop_statue_plus, uniq_pikel,
          uniq_grum
D:9:      layout_long_grid, ashenzari_altar_1
D:10:     layout_loops_corners, david_orc_5, enter_bailey_8,
          hangedman_stone_soup
D:11:     wad_river_or_something, layout_stronghold, david_lair_generic,
          fedhas_altar_3
D:12:     layout_long_grid, maelrawn_ghost_gauntlet_escape, uniq_josephine
D:13:     layout_small_grid, david_vaults_2, nicolae_ru_sacrificial_ziggurat
D:14:     layout_cave_pods, tso_metal_star, roderic_roman_lattice,
          grunt_ministairs_13, kennysheep_pointless_box,
          kennysheep_generic_room_3
D:15:     grunt_enter_depths_snipers, layout_loops_ring,
          portal_ice_cave_demonic_guard, basic_altar, nrook_mini_vaults,
          minivault_7
Lair:1:   layout_regular_city
Lair:2:   layout_hall_layers, basic_altar, beast_lair_carwin_9
Lair:3:   layout_cave_pods, shoals_dummy_entry, dummy_spider_entry
Lair:4:   layout_regular_city
Lair:5:   layout_regular_city, uniq_snorg
Lair:6:   evilmike_catoblepas_cave, layout_cave_shapes,
          minmay_slime_entry_oklob_open, grunt_megastairs_2
Shoals:1: layout_shoals, nicolae_shoals_arrival_archipelago
Shoals:2: layout_shoals, serial_shops, shop, uniq_ilsuiw
Shoals:3: cheibrodos_shoals_roost, layout_shoals, serial_shops,
          nicolae_shop_statue_plus, uniq_polyphemus
Shoals:4: shoals_end_grunt_ice, layout_shoals
Spider:1: layout_spider_delve, nicolae_spider_webbed_stairs
Spider:2: layout_spider_delve, uniq_arachne
Spider:3: layout_spider_delve, gammafunk_ghost_abyssal_escape, uniq_asterion,
          uniq_jorgrun
Spider:4: guppyfry_spider_rune
Slime:1:  layout_caves
Slime:2:  layout_caves
Slime:3:  layout_caves, basic_altar, cheibrodos_slime_lost_civilization_4
Slime:4:  layout_caves, nicolae_slime_welcoming_committee
Slime:5
Orc:1:    layout_diamond_mine, basic_altar, uniq_urug
Orc:2:    pubby_orc_utopia, serial_shops, uniq_donald
Depths:1: layout_roguey, abyss_entry_crystal, lightli_too_deep,
          nicolae_lava_and_water, minmay_protected_statue
Depths:2: cell_vault, layout_gridville, enter_ziggurat_e, hell_entry,
          abyss_entry

Skill      XL: |  1  2  3  4  5  6  7  8  9 10 11 12 13 14 15 16 17 |
---------------+----------------------------------------------------+-----
Axes           | 3 4 5 6 7 9 10 11 12 14 15 16 17 | 17.3
Dodging        | 1 2 3 4 5 6 7 8 10 11 | 11.7
Armour         | 4 5 6 7 8 9 10 11 12 13 14 15 | 15.2
Shields        | 4 5 6 7 8 9 10 11 12 13 14 15 | 15.2
Fighting       | 4 5 6 7 8 9 10 11 12 13 15 17 | 17.2
Invocations    | 1 2 3 4 5 6 7 8 |  8.0
Evocations     | 1 2 3 5 6 7 8 |  8.0
Throwing       | 4 7 10 | 10.7

Action                   |  1- 3 |  4- 6 |  7- 9 | 10-12 | 13-15 | 16-18 || total
-------------------------+-------+-------+-------+-------+-------+-------++-------
Melee: War axe           |    92 |   173 |   400 |    61 |       |       ||   726
       Headbutt          |    19 |    37 |    72 |   155 |   311 |   160 ||   754
       Demon trident     |       |       |       |   489 |       |       ||   489
       Demon whip        |       |       |       |    55 |     2 |    30 ||    87
       Broad axe         |       |       |       |   129 |  1249 |   543 ||  1921
       Morningstar       |       |       |       |       |       |    21 ||    21
Throw: Javelin           |       |       |       |       |     3 |    35 ||    38
       Throwing net      |       |       |       |       |       |     1 ||     1
Invok: Heroism           |       |       |       |     5 |    11 |     9 ||    25
       Finesse           |       |       |       |     2 |     4 |     7 ||    13
Evoke: Wand              |       |       |       |       |     1 |     7 ||     8
  Use: Scroll            |       |       |    19 |     6 |    13 |    14 ||    52
       Potion            |       |       |       |     3 |     3 |    10 ||    16
 Stab: Paralysed         |       |       |       |       |     4 |       ||     4
       Held in net/web   |       |       |       |       |       |     1 ||     1
  Eat: Chunk             |     1 |     7 |    11 |    17 |    25 |     1 ||    62
       Ration            |       |       |     1 |     3 |     5 |     8 ||    17
Armor: Scale mail        |    64 |     6 |       |       |       |       ||    70
       Plate armour      |       |   122 |   188 |   261 |   406 |   147 ||  1124
Dodge: Dodged            |    48 |    32 |    66 |   134 |   282 |   147 ||   709
Block: Kite shield       |    53 |    90 |    52 |       |       |       ||   195
       Tower shield      |       |       |   232 |   606 |  1093 |   469 ||  2400

Table legend:
 A = Non-vault XP
 B = Vault XP
 C = Vault XP percentage of total XP
 D = Non-vault monster count
 E = Vault monster count
 F = Vault count percentage of total count
                 A         B        C        D         E       F
            +---------+---------+-------+---------+---------+-------
      Total |  179683 |  118037 |  39.6 |     706 |     361 |  33.8
            +---------+---------+-------+---------+---------+-------
        D:1 |      37 |       0 |   0.0 |      20 |       0 |   0.0
        D:2 |      95 |       0 |   0.0 |      30 |       0 |   0.0
        D:3 |     117 |      38 |  24.5 |      16 |       2 |  11.1
        D:4 |     419 |       0 |   0.0 |      27 |       0 |   0.0
        D:5 |     629 |      90 |  12.5 |      26 |       1 |   3.7
        D:6 |     309 |     360 |  53.8 |       5 |       2 |  28.6
        D:7 |    1239 |     341 |  21.6 |      30 |       8 |  21.1
        D:8 |     832 |     772 |  48.1 |      17 |       3 |  15.0
        D:9 |     832 |       0 |   0.0 |      15 |       0 |   0.0
       D:10 |    2432 |    1037 |  29.9 |      26 |      27 |  50.9
       D:11 |    2746 |    2964 |  51.9 |      29 |      13 |  31.0
       D:12 |    2064 |    1686 |  45.0 |      21 |       4 |  16.0
       D:13 |    5402 |    1789 |  24.9 |      27 |       3 |  10.0
       D:14 |    3654 |    1335 |  26.8 |      20 |       3 |  13.0
       D:15 |   14919 |    5119 |  25.5 |      41 |      23 |  35.9
     Lair:1 |    3911 |       0 |   0.0 |      19 |       0 |   0.0
     Lair:2 |    3387 |    1328 |  28.2 |      15 |       4 |  21.1
     Lair:3 |    9663 |       0 |   0.0 |      21 |       0 |   0.0
     Lair:4 |   10315 |       0 |   0.0 |      34 |       0 |   0.0
     Lair:5 |   11302 |    1129 |   9.1 |      29 |       1 |   3.3
     Lair:6 |    9074 |    3964 |  30.4 |      32 |      12 |  27.3
   Shoals:1 |   10607 |       0 |   0.0 |      21 |       0 |   0.0
   Shoals:2 |    5827 |       0 |   0.0 |      13 |       0 |   0.0
   Shoals:3 |    5140 |       0 |   0.0 |      10 |       0 |   0.0
   Shoals:4 |    7087 |   18750 |  72.6 |      14 |      30 |  68.2
   Spider:1 |    1539 |       0 |   0.0 |       5 |       0 |   0.0
   Spider:2 |     664 |       0 |   0.0 |       3 |       0 |   0.0
   Spider:4 |    7868 |   16200 |  67.3 |      24 |      30 |  55.6
    Slime:1 |    3995 |       0 |   0.0 |       3 |       0 |   0.0
    Slime:2 |   11453 |       0 |   0.0 |      23 |       0 |   0.0
    Slime:3 |    5854 |       0 |   0.0 |      11 |       0 |   0.0
    Slime:4 |   16017 |    3249 |  16.9 |      31 |       4 |  11.4
    Slime:5 |    6068 |   32928 |  84.4 |       6 |      13 |  68.4
      Orc:1 |    4108 |     819 |  16.6 |      28 |       1 |   3.4
      Orc:2 |       0 |   22927 | 100.0 |       0 |     147 | 100.0
   Depths:1 |    5365 |       0 |   0.0 |      10 |       0 |   0.0
   Depths:2 |    4713 |       0 |   0.0 |       4 |       0 |   0.0
     Bailey |       0 |    1212 | 100.0 |       0 |      30 | 100.0
            +---------+---------+-------+---------+---------+-------
